[Event "Berlin Championship 2024"]
[Site "Berlin"]
[Date "2024.04.03"]
[Round "5.1"]
[White "Jahnz, Laurin"]
[Black "Lagunow, Raphael"]
[Result "1/2-1/2"]
[ECO "B11"]
[WhiteElo "2051"]
[BlackElo "2421"]
[Annotator "RC"]
[PlyCount "174"]
[EventDate "2024.03.30"]
[EventType "swiss"]
[EventCountry "GER"]
[SourceTitle "playchess.com"]
[Source "ChessBase"]
[SourceQuality "1"]
[TimeControl "40/5400+30:1800+30"]

1. e4 c6 2. Nc3 d5 3. Nf3 dxe4 4. Nxe4 Nf6 5. Qe2 Nxe4 6. Qxe4 Nd7 7. d4 Nf6 8. Qd3 Bg4 9. Ne5 Bh5 10. c3 Bg6 11. Nxg6 hxg6 12. Be2 e6 13. Bf4 Bd6 14. Qg3 Bxf4 15. Qxf4 a5 16. a4 Qb6 17. Rb1 Qb3 18. Bd1 Qc4 19. Qf3 O-O 20. b3 Qd5 21. O-O c5 22. Qxd5 Nxd5 23. dxc5 Rac8 24. c4 Nc3 25. Rb2 Ne4 26. b4 axb4 27. Rxb4 Nxc5 28. Bf3 Rc7 29. Rfb1 Ra8 30. Bxb7 Nxb7 31. Rxb7 Rxb7 32. Rxb7 Rxa4 33. g3 Rxc4 34. Rb8+ Kh7 35. h4 g5 36. hxg5 Kg6 37. Rb7 Rg4 38. Kg2 Rxg5 39. f3 Ra5 40. g4 e5 41. Rb4 Ra2+ 42. Kg3 Re2 43. Ra4 f6 44. Ra7 Rb2 45. Ra4 Rb3 46. Rc4 Kg5 47. Rc7 g6 48. Re7 Re3 49. Re8 Re2 50. Rg8 Kh6 51. Rf8 Kg7 52. Ra8 f5 53. gxf5 gxf5 54. Ra6 Kf7 55. Rb6 Ke7 56. Rc6 Re3 57. Kf2 Rd3 58. Ke2 Rd6 59. Rc5 Kf6 60. Ra5 Rb6 61. Kf2 Rb2+ 62. Kf1 Rb3 63. Ke2 Kg5 64. Rxe5 Kf4 65. Ra5 Re3+ 66. Kf2 Rxf3+ 67. Kg2 Re3 68. Kf2 Re4 69. Ra3 Rb4 70. Rf3+ Ke5 71. Re3+ Kf6 72. Kf3 Kg5 73. Ra3 Rh4 74. Kg3 f4+ 75. Kf2 Rh2+ 76. Kg1 Re2 77. Kf1 Rb2 78. Rc3 Kg4 79. Ra3 Rc2 80. Rb3 Ra2 81. Rc3 Kf5 82. Rb3 Rd2 83. Ke1 Rd4 84. Ke2 Kg4 85. Kf2 f3 86. Rxf3 Rf4 87. Rxf4+ Kxf4 1/2-1/2

[Event "Berlin Championship 2024"]
[Site "Berlin"]
[Date "2024.04.03"]
[Round "5.2"]
[White "Poltorak, Sebastian"]
[Black "Polzin, Rainer"]
[Result "1/2-1/2"]
[ECO "C99"]
[WhiteElo "2392"]
[BlackElo "2401"]
[Annotator "TA"]
[PlyCount "38"]
[EventDate "2024.03.30"]
[EventType "swiss"]
[EventCountry "GER"]
[SourceTitle "playchess.com"]
[Source "ChessBase"]
[SourceQuality "1"]
[TimeControl "40/5400+30:1800+30"]

1. e4 e5 2. Nf3 Nc6 3. Bb5 a6 4. Ba4 Nf6 5. O-O Be7 6. Re1 b5 7. Bb3 d6 8. c3 O-O 9. h3 Na5 10. Bc2 c5 11. d4 Qc7 12. Nbd2 cxd4 13. cxd4 Nc6 14. Nb3 a5 15. Be3 a4 16. Nbd2 Bd7 17. Rc1 Qb7 {[%emt 0:00:07] The position is equal.} 18. Qe2 Rfe8 19. Bd3 Rab8 {[%emt 0:00:08] An uneventful encounter.   Weighted Error Value: White=0.05 (flawless) /Black=0.00 (flawless) .  OK:         	---       	Black=1} 1/2-1/2

[Event "Berlin Championship 2024"]
[Site "Berlin"]
[Date "2024.04.03"]
[Round "5.3"]
[White "Baldauf, Marco"]
[Black "Klenburg, Michael"]
[Result "1-0"]
[ECO "A54"]
[WhiteElo "2481"]
[BlackElo "2328"]
[Annotator "TA"]
[PlyCount "59"]
[EventDate "2024.03.30"]
[EventType "swiss"]
[EventCountry "GER"]
[SourceTitle "playchess.com"]
[Source "ChessBase"]
[SourceQuality "1"]
[TimeControl "40/5400+30:1800+30"]

1. c4 Nf6 2. Nc3 e5 3. Nf3 d6 4. d4 Nbd7 5. Bg5 Be7 6. e3 c6 7. Qc2 Ng4 8. Bxe7 Qxe7 9. O-O-O Ngf6 10. h3 {[%emt 0:03:50][%cal Bh2h3,Bh3h4][%mdl 32] White is slightly better.} O-O 11. g4 g6 12. g5 Nh5 13. Be2 Ng7 (13... f5 $14) 14. h4 $16 exd4 15. Nxd4 Re8 {[%emt 0:01:31] White now steadily converts the win.} (15... Nc5 $14) 16. h5 {[%emt 0:10:08] White is much more active.} Nc5 (16... Qxg5 $16 17. Rdg1 Qf6) 17. hxg6 $18 hxg6 18. Rdg1 {[%emt 0:16:41] aiming for Rh2.} Nge6 $2 {[%emt 0:08:41] [#]} (18... Nf5) 19. Nf3 Ng7 20. Rh4 Bf5 21. Rgh1 Nh5 $2 (21... f6) 22. Rxh5 {[%emt 0:00:42] White is clearly winning.} gxh5 23. Qxf5 Qe6 24. Qf4 Ne4 25. Nxe4 Qxe4 26. Qxe4 Rxe4 27. Rxh5 Rae8 28. Bd3 Rg4 29. Kd2 a6 30. b3 {[%emt 0:00:24] Weighted Error Value: White=0.29 (precise) /Black=0.57.  Mistake:       	---       	Black=5      OK:         	White=10    	Black=7      Best:        	White=2     	---} 1-0

[Event "Berlin Championship 2024"]
[Site "Berlin"]
[Date "2024.04.03"]
[Round "5.4"]
[White "Schmidek, Emil"]
[Black "Lagunow, Alexander"]
[Result "1-0"]
[ECO "E57"]
[WhiteElo "2439"]
[BlackElo "2350"]
[Annotator "TA"]
[PlyCount "57"]
[EventDate "2024.03.30"]
[EventType "swiss"]
[EventCountry "GER"]
[SourceTitle "playchess.com"]
[Source "ChessBase"]
[SourceQuality "1"]
[TimeControl "40/5400+30:1800+30"]

1. d4 Nf6 2. c4 e6 3. Nc3 Bb4 4. e3 O-O 5. Bd3 c5 6. Nf3 cxd4 7. exd4 d5 8. O-O dxc4 9. Bxc4 Nc6 10. a3 Be7 11. Be3 a6 12. Rc1 b5 13. Ba2 Bb7 {[%emt 0:04:00] The position is equal.} 14. Qd3 Qd6 15. b4 Rfd8 16. Rfd1 Nb8 {[%emt 0:06:07] [#]} (16... a5 $11) 17. d5 $1 $14 exd5 (17... Bxd5 18. Nxd5) 18. Bc5 Qd7 (18... Qc7 $11 {keeps the balance.}) 19. Ne5 {[%emt 0:04:38] White is much more active. The black rooks are passive.} (19. Bb6 $16 Rc8 20. Bd4 (20. Nxd5 Rxc1 21. Nxe7+ Kf8 $11)) 19... Qe8 $11 (19... Qe6 {is interesting.} 20. Bxe7 Qxe7 21. Nxd5 Nxd5 22. Bxd5 Bxd5 23. Qxd5 Rxd5 24. Rc8+ Qf8) 20. Bxe7 (20. Nxd5 {seems wilder.} Nxd5 21. Bxe7 Qxe7 22. Bxd5 Bxd5 23. Qxd5 Rxd5 24. Rc8+) 20... Qxe7 {[%emt 0:00:05] [#]} 21. Nxd5 $1 Nxd5 ({But not} 21... Bxd5 22. Bxd5 Nxd5 23. Qf3 $16) 22. Bxd5 Rf8 (22... Bxd5 $11 23. Qxd5 Rxd5 24. Rc8+ Qf8 25. Rxf8+ (25. Rxd5 $2 {loses.} Qxc8 26. h4 Qc1+ 27. Kh2 Nc6 $19) 25... Kxf8 26. Rxd5 Ke7) 23. Bxf7+ $18 {[%emt 0:01:45] White is clearly winning.} Rxf7 24. Nxf7 Kxf7 25. Qf5+ (25. Re1 $142 Qf6 26. Rc7+ (26. Qxh7 Nc6 $18) 26... Kf8 27. Qxh7 (27. Rxb7 Nc6 $18)) 25... Kg8 26. Re1 Qf8 27. Qe6+ Kh8 28. Rc7 {[%emt 0:00:12][%cal Oc7f7] aiming for Rf7! Black is weak on the dark squares} Ra7 29. Qb6 {[%emt 0:01:29][%csl LRa7,LRb7] Weighted Error Value: White=0.46/Black=0.69.  Loses game:     	---       	Black=1      Mistake:       	White=1     	Black=2      Inaccurate:     	White=1     	Black=1      OK:         	White=5     	Black=3      Best:        	---       	Black=1      Brilliant:      	White=1     	---} 1-0

[Event "Berlin Championship 2024"]
[Site "Berlin"]
[Date "2024.04.03"]
[Round "5.5"]
[White "Florstedt, Johannes"]
[Black "Thiede, Lars"]
[Result "1-0"]
[ECO "C47"]
[WhiteElo "2348"]
[BlackElo "2388"]
[Annotator "RC"]
[PlyCount "67"]
[EventDate "2024.03.30"]
[EventType "swiss"]
[EventCountry "GER"]
[SourceTitle "playchess.com"]
[Source "ChessBase"]
[SourceQuality "1"]
[TimeControl "40/5400+30:1800+30"]

1. e4 e5 2. Nf3 Nc6 3. Nc3 Nf6 4. d4 exd4 5. Nxd4 Bb4 6. Nxc6 bxc6 7. Bd3 d5 8. exd5 cxd5 9. O-O O-O 10. h3 Rb8 11. Be3 a6 12. Ba7 Ra8 13. Bd4 Be6 14. a3 Bd6 15. b4 c6 16. Na4 Ne4 17. Nc5 Nxc5 18. bxc5 Bf4 19. Qf3 Qh4 20. c3 Bc7 21. Rab1 a5 22. Rb7 Qf4 23. Qxf4 Bxf4 24. g3 Rfb8 25. Rfb1 Rxb7 26. Rxb7 Bb8 27. Kg2 g6 28. Bc2 Bc8 29. Rb6 Bd7 30. Ba4 Bc7 31. Bxc6 Ra7 32. Bxd5 a4 33. Rb2 Be6 34. c4 1-0

[Event "Berlin Championship 2024"]
[Site "Berlin"]
[Date "2024.04.03"]
[Round "5.6"]
[White "Hesse, Henrik"]
[Black "Muse, Drazen"]
[Result "1-0"]
[ECO "A20"]
[WhiteElo "2312"]
[BlackElo "2316"]
[Annotator "RC"]
[PlyCount "121"]
[EventDate "2024.03.30"]
[EventType "swiss"]
[EventCountry "GER"]
[SourceTitle "playchess.com"]
[Source "ChessBase"]
[SourceQuality "1"]
[TimeControl "40/5400+30:1800+30"]

1. c4 e5 2. g3 Nf6 3. Bg2 c6 4. d4 Bb4+ 5. Bd2 Bxd2+ 6. Qxd2 d6 7. Nc3 O-O 8. e4 Nbd7 9. Nf3 Nb6 10. b3 Bg4 11. O-O Bxf3 12. Bxf3 Nbd7 13. Bg2 Re8 14. Rad1 Nf8 15. Bh3 a6 16. f4 exf4 17. Qxf4 b5 18. c5 dxc5 19. e5 Ng6 20. Qf2 Qa5 21. exf6 Qxc3 22. fxg7 Ra7 23. dxc5 Re3 24. Rc1 Qe5 25. Rfe1 Re7 26. Rxe3 Qxe3 27. Qxe3 Rxe3 28. Kf2 Rd3 29. Rc2 b4 30. Bf1 Rd1 31. Bxa6 Ne5 32. Be2 Rh1 33. Kg2 Ra1 34. h4 Kxg7 35. Kf2 Kf6 36. Rd2 h6 37. Ke3 Rg1 38. Kf2 Ra1 39. Ke3 Rg1 40. Rd4 Rxg3+ 41. Kf2 Rc3 42. Rxb4 Rxc5 43. a4 Ke6 44. Rb7 Kf5 45. Ke3 Rc3+ 46. Kd2 Rh3 47. a5 Rxh4 48. a6 Rd4+ 49. Kc3 Rd8 50. a7 Ra8 51. Kd4 Kf4 52. Kc5 Ke3 53. Bh5 f5 54. Re7 Ke4 55. Kd6 Kd4 56. Rxe5 Rxa7 57. Rxf5 Rb7 58. Bf7 Rb5 59. Rxb5 cxb5 60. Kc6 b4 61. Kb5 1-0

[Event "Berlin Championship 2024"]
[Site "Berlin"]
[Date "2024.04.03"]
[Round "5.7"]
[White "Eilenberg, Jonas"]
[Black "Nogly, Christoph"]
[Result "1/2-1/2"]
[ECO "D61"]
[WhiteElo "2303"]
[BlackElo "2228"]
[Annotator "RC"]
[PlyCount "59"]
[EventDate "2024.03.30"]
[EventType "swiss"]
[EventCountry "GER"]
[SourceTitle "playchess.com"]
[Source "ChessBase"]
[SourceQuality "1"]
[TimeControl "40/5400+30:1800+30"]

1. d4 d5 2. c4 e6 3. Nc3 Nf6 4. Bg5 Be7 5. Nf3 Nbd7 6. e3 h6 7. Bh4 O-O 8. Qc2 c6 9. Nd2 a6 10. cxd5 exd5 11. Bd3 Re8 12. O-O Nh5 13. Bxe7 Qxe7 14. Rfe1 Nf8 15. Rad1 Ne6 16. Nf1 Bd7 17. a3 Rad8 18. Ng3 Nxg3 19. hxg3 Bc8 20. b4 h5 21. f3 Qf6 22. a4 b5 23. Ne2 Rd6 24. axb5 axb5 25. Nc1 g6 26. Nb3 Kg7 27. Qf2 Rh8 28. Ra1 h4 29. gxh4 Rxh4 30. Qg3 1/2-1/2

[Event "Berlin Championship 2024"]
[Site "Berlin"]
[Date "2024.04.03"]
[Round "5.8"]
[White "Dubessay, Bastien"]
[Black "Foerster, Jonas"]
[Result "0-1"]
[ECO "B11"]
[WhiteElo "2255"]
[BlackElo "2238"]
[Annotator "RC"]
[PlyCount "144"]
[EventDate "2024.03.30"]
[EventType "swiss"]
[EventCountry "GER"]
[SourceTitle "playchess.com"]
[Source "ChessBase"]
[SourceQuality "1"]
[TimeControl "40/5400+30:1800+30"]

1. e4 c6 2. Nc3 d5 3. Nf3 dxe4 4. Nxe4 Nf6 5. Qe2 Nxe4 6. Qxe4 Nd7 7. Bc4 Nf6 8. Ne5 e6 9. Qe2 b5 10. Bd3 Qc7 11. b3 Bb7 12. Bb2 Bd6 13. O-O h5 14. h3 Nd5 15. f4 O-O-O 16. c4 bxc4 17. Bxc4 f6 18. Bxd5 exd5 19. Ng6 Rh6 20. f5 Kb8 21. d4 Bc8 22. Qf3 Qb6 23. Rad1 Ka8 24. Bc1 Rh7 25. Bf4 Bb4 26. Qg3 Re8 27. Bc7 Qb7 28. Bd6 h4 29. Qh2 Rh5 30. Bxb4 Qxb4 31. Qc7 Qb7 32. Qxb7+ Kxb7 33. Rde1 Rxe1 34. Rxe1 Bxf5 35. Nf4 Rg5 36. Re7+ Kb6 37. Re8 Rg3 38. Nh5 Rg5 39. Nf4 Be4 40. Rb8+ Kc7 41. Rg8 Kd6 42. Rd8+ Ke7 43. Ra8 Rg3 44. Rxa7+ Kd6 45. a4 g5 46. Nh5 Rxg2+ 47. Kf1 Rb2 48. Nxf6 Bg2+ 49. Kg1 Bxh3 50. Rg7 Ke6 51. Nd7 Kf5 52. Rf7+ Ke4 53. Ne5 c5 54. Re7 Kxd4 55. Nf3+ Kc3 56. Re3+ Kb4 57. Ne5 Bf5 58. Nc6+ Ka3 59. a5 Rb1+ 60. Kf2 d4 61. Re5 Rb2+ 62. Kg1 Rb1+ 63. Kf2 Rb2+ 64. Kg1 Bd3 65. Rxc5 Rb1+ 66. Kf2 g4 67. a6 g3+ 68. Kf3 Rf1+ 69. Kg2 Rf2+ 70. Kh3 Rh2+ 71. Kg4 g2 72. Rc1 Bf1 0-1

[Event "Berlin Championship 2024"]
[Site "Berlin"]
[Date "2024.04.04"]
[Round "6.1"]
[White "Lagunow, Raphael"]
[Black "Baldauf, Marco"]
[Result "1/2-1/2"]
[ECO "E04"]
[WhiteElo "2421"]
[BlackElo "2481"]
[Annotator "TA"]
[PlyCount "22"]
[EventDate "2024.03.30"]
[EventType "swiss"]
[EventCountry "GER"]
[SourceTitle "playchess.com"]
[Source "ChessBase"]
[SourceQuality "1"]
[TimeControl "40/5400+30:1800+30"]

1. d4 Nf6 2. Nf3 d5 3. c4 e6 4. g3 dxc4 5. Bg2 Nbd7 6. O-O Rb8 7. a4 $1 {[%emt 0:00:07] White is slightly better.} a6 8. a5 Bd6 9. Nbd2 b5 {[%emt 0:00:23] [#] Threatens to win with ...Bb7.} 10. axb6 Nxb6 11. Ne5 Bxe5 {[%emt 0:01:14] Black did not feel at home in the position after the opening.   Weighted Error Value: White=0.02 (flawless) /Black=0.00 (flawless) .  OK:         	White=1     	Black=3      Best:        	White=1     	---} 1/2-1/2

[Event "Berlin Championship 2024"]
[Site "Berlin"]
[Date "2024.04.04"]
[Round "6.2"]
[White "Jahnz, Laurin"]
[Black "Polzin, Rainer"]
[Result "1/2-1/2"]
[ECO "B06"]
[WhiteElo "2051"]
[BlackElo "2401"]
[Annotator "TA"]
[PlyCount "45"]
[EventDate "2024.03.30"]
[EventType "swiss"]
[EventCountry "GER"]
[SourceTitle "playchess.com"]
[Source "ChessBase"]
[SourceQuality "1"]
[TimeControl "40/5400+30:1800+30"]

1. e4 g6 2. d4 Bg7 3. Nf3 d6 4. Nc3 a6 5. Be2 b5 6. O-O Bb7 7. Re1 e6 8. a4 bxa4 (8... b4 $14) 9. Bg5 Ne7 {[%emt 0:01:06] White is better.} 10. Qd2 h6 11. Be3 {[%emt 0:00:05] White is much more active.} Nd7 12. Rxa4 Nf6 13. Bd3 d5 14. e5 Ne4 15. Qe2 Nxc3 16. bxc3 O-O 17. Rea1 Nf5 18. Bxa6 (18. Bc1 $16) 18... Bxa6 19. Rxa6 Rxa6 20. Rxa6 Nxe3 21. Qxe3 (21. fxe3 $16 c5 22. dxc5) 21... Qb8 $11 22. Qe2 Rc8 23. Ra5 {[%emt 0:06:41] Weighted Error Value: White=0.18 (very precise) /Black=0.09 (flawless) .  Mistake:       	White=2     	Black=1      Inaccurate:     	White=1     	Black=1      OK:         	White=5     	Black=6} 1/2-1/2

[Event "Berlin Championship 2024"]
[Site "Berlin"]
[Date "2024.04.04"]
[Round "6.3"]
[White "Schmidek, Emil"]
[Black "Poltorak, Sebastian"]
[Result "0-1"]
[ECO "E42"]
[WhiteElo "2439"]
[BlackElo "2392"]
[Annotator "RC"]
[PlyCount "68"]
[EventDate "2024.03.30"]
[EventType "swiss"]
[EventCountry "GER"]
[SourceTitle "playchess.com"]
[Source "ChessBase"]
[SourceQuality "1"]
[TimeControl "40/5400+30:1800+30"]

1. d4 Nf6 2. c4 e6 3. Nc3 Bb4 4. e3 c5 5. Nge2 cxd4 6. exd4 O-O 7. a3 Be7 8. d5 exd5 9. cxd5 Bc5 10. b4 Bd6 11. Bb2 Re8 12. g3 a5 13. b5 Be5 14. Bg2 d6 15. O-O Bg4 16. Qd2 Qb6 17. Nf4 Nbd7 18. Nd3 Bxc3 19. Bxc3 Qxb5 20. Rab1 Qa6 21. Nf4 Bf5 22. Rbe1 b6 23. Qb2 Rac8 24. h3 h6 25. Bf3 Bd3 26. Rxe8+ Rxe8 27. Rd1 Bc4 28. Nh5 Be2 29. Nxf6+ Nxf6 30. Bxe2 Rxe2 31. Qa1 Ne4 32. Bxg7 Rxf2 33. Re1 Qd3 34. Be5 Qf3 0-1

[Event "Berlin Championship 2024"]
[Site "Berlin"]
[Date "2024.04.04"]
[Round "6.4"]
[White "Florstedt, Johannes"]
[Black "Hesse, Henrik"]
[Result "1/2-1/2"]
[ECO "C43"]
[WhiteElo "2348"]
[BlackElo "2312"]
[Annotator "RC"]
[PlyCount "84"]
[EventDate "2024.03.30"]
[EventType "swiss"]
[EventCountry "GER"]
[SourceTitle "playchess.com"]
[Source "ChessBase"]
[SourceQuality "1"]
[TimeControl "40/5400+30:1800+30"]

1. e4 e5 2. Nf3 Nf6 3. d4 Nxe4 4. Bd3 d5 5. Nxe5 Nd7 6. Nc3 Nxc3 7. bxc3 Nxe5 8. dxe5 c5 9. O-O c4 10. Be2 Bc5 11. Rb1 b6 12. Bg4 O-O 13. Bxc8 Rxc8 14. Qg4 Qe7 15. Bf4 Qe6 16. h3 Rcd8 17. Rbd1 d4 18. cxd4 Bxd4 19. Bg5 Qxg4 20. hxg4 f6 21. exf6 Bxf6 22. Be3 Rxd1 23. Rxd1 Rd8 24. Rb1 Rd5 25. Rb4 b5 26. Bxa7 Bc3 27. Rb1 b4 28. Bb6 Kf7 29. Kf1 Ke6 30. Ke2 Re5+ 31. Be3 Ra5 32. Bd2 Re5+ 33. Be3 Ra5 34. Bd2 Bxd2 35. Kxd2 Ra4 36. Re1+ Kd5 37. Re8 Rxa2 38. Rd8+ Ke5 39. Re8+ Kd6 40. Rd8+ Ke5 41. Re8+ Kd6 42. Rd8+ Ke5 1/2-1/2

[Event "Berlin Championship 2024"]
[Site "Berlin"]
[Date "2024.04.04"]
[Round "6.5"]
[White "Thiede, Lars"]
[Black "Foerster, Jonas"]
[Result "0-1"]
[ECO "A07"]
[WhiteElo "2388"]
[BlackElo "2238"]
[Annotator "RC"]
[PlyCount "104"]
[EventDate "2024.03.30"]
[EventType "swiss"]
[EventCountry "GER"]
[SourceTitle "playchess.com"]
[Source "ChessBase"]
[SourceQuality "1"]
[TimeControl "40/5400+30:1800+30"]

1. Nf3 Nf6 2. g3 d5 3. Bg2 c6 4. O-O Bg4 5. b3 Nbd7 6. Bb2 e6 7. d3 Be7 8. e4 dxe4 9. dxe4 Nxe4 10. Bxg7 Rg8 11. Bb2 Ng5 12. Nbd2 Qc7 13. Qe1 Nxf3+ 14. Nxf3 O-O-O 15. Qe3 Bc5 16. Bd4 Bxf3 17. Bxf3 Bxd4 18. Qxd4 Ne5 19. Qe3 Rd2 20. Bg2 Rgd8 21. Qxa7 Rxc2 22. Rac1 Rxc1 23. Rxc1 Rd2 24. h3 Qd6 25. Kh2 Qd4 26. Qxd4 Rxd4 27. f4 Nd3 28. Rd1 c5 29. Rd2 Kc7 30. Bf1 Nb4 31. Rf2 Kd6 32. Bc4 Nd5 33. Re2 b5 34. Bxd5 Rxd5 35. Rc2 Rd3 36. h4 h5 37. Kh3 Kd5 38. Re2 f6 39. Rb2 Kd4 40. a4 bxa4 41. bxa4 c4 42. Rb6 c3 43. Rc6 Ke3 44. a5 Kd2 45. a6 Rd7 46. Rxe6 f5 47. Re5 c2 48. a7 Rxa7 49. Rd5+ Ke3 50. Rc5 Kd3 51. Rd5+ Kc4 52. Rd8 Rc7 0-1

[Event "Berlin Championship 2024"]
[Site "Berlin"]
[Date "2024.04.04"]
[Round "6.6"]
[White "Lagunow, Alexander"]
[Black "Yatskar, Martin"]
[Result "1/2-1/2"]
[ECO "D02"]
[WhiteElo "2350"]
[BlackElo "2066"]
[Annotator "RC"]
[PlyCount "121"]
[EventDate "2024.03.30"]
[EventType "swiss"]
[EventCountry "GER"]
[SourceTitle "playchess.com"]
[Source "ChessBase"]
[SourceQuality "1"]
[TimeControl "40/5400+30:1800+30"]

1. Nf3 d5 2. g3 c5 3. Bg2 Nc6 4. d4 e6 5. O-O cxd4 6. Nxd4 Bc5 7. Nb3 Bb6 8. c4 Nge7 9. cxd5 exd5 10. Nc3 O-O 11. Bf4 Bg4 12. h3 Be6 13. Na4 d4 14. Nbc5 Bxc5 15. Nxc5 Bd5 16. Ne4 Qb6 17. Qc1 Rad8 18. b3 Ng6 19. Bg5 f6 20. Bd2 Rfe8 21. Qc2 Kh8 22. Rfe1 Re7 23. Rad1 Rde8 24. Nd6 Bxg2 25. Kxg2 Rd8 26. Nc4 Qb5 27. Qd3 Qd5+ 28. Qf3 Re4 29. Kg1 b5 30. Nb2 Nce5 31. Qg2 Nc6 32. Nd3 Rde8 33. Rc1 Qd6 34. Nc5 f5 35. Nxe4 fxe4 36. Red1 Qd5 37. Be3 Nge5 38. Kh1 Rd8 39. Rd2 h6 40. Rcd1 d3 41. exd3 Nxd3 42. Rxd3 exd3 43. Qxd5 Rxd5 44. Kg2 Nb4 45. Rd2 Kg8 46. Bxa7 Nxa2 47. Kf3 Nc1 48. b4 Kf7 49. Ke4 Ke6 50. Bd4 g6 51. f4 h5 52. g4 hxg4 53. hxg4 Rd7 54. Be3 Rd5 55. Rd1 Ne2 56. Bd2 Rd4+ 57. Ke3 Kd5 58. Rf1 Ke6 59. Ra1 Kd5 60. Ra8 Re4+ 61. Kxd3 1/2-1/2

[Event "Berlin Championship 2024"]
[Site "Berlin"]
[Date "2024.04.04"]
[Round "6.7"]
[White "Klenburg, Michael"]
[Black "Eilenberg, Jonas"]
[Result "1/2-1/2"]
[ECO "B30"]
[WhiteElo "2328"]
[BlackElo "2303"]
[Annotator "RC"]
[PlyCount "40"]
[EventDate "2024.03.30"]
[EventType "swiss"]
[EventCountry "GER"]
[SourceTitle "playchess.com"]
[Source "ChessBase"]
[SourceQuality "1"]
[TimeControl "40/5400+30:1800+30"]

1. e4 c5 2. Nf3 Nc6 3. Bb5 e6 4. O-O Nge7 5. c3 d5 6. exd5 Qxd5 7. d4 cxd4 8. c4 Qd6 9. Nxd4 a6 10. Ba4 Bd7 11. Nxc6 Nxc6 12. Nc3 Qc7 13. Re1 Be7 14. Qf3 Nd4 15. Bxd7+ Qxd7 16. Qe4 O-O 17. Rd1 Rfd8 18. Bf4 Bf6 19. Be5 Bxe5 20. Qxe5 Rac8 1/2-1/2

[Event "Berlin Championship 2024"]
[Site "Berlin"]
[Date "2024.04.04"]
[Round "6.8"]
[White "Nogly, Christoph"]
[Black "Muse, Drazen"]
[Result "1/2-1/2"]
[ECO "E90"]
[WhiteElo "2228"]
[BlackElo "2316"]
[Annotator "RC"]
[PlyCount "114"]
[EventDate "2024.03.30"]
[EventType "swiss"]
[EventCountry "GER"]
[SourceTitle "playchess.com"]
[Source "ChessBase"]
[SourceQuality "1"]
[TimeControl "40/5400+30:1800+30"]

1. d4 Nf6 2. c4 g6 3. Nc3 Bg7 4. e4 d6 5. h3 O-O 6. Be3 Na6 7. Nf3 c5 8. d5 e6 9. Bd3 exd5 10. exd5 Re8 11. O-O Nc7 12. a4 Na6 13. Bg5 Nb4 14. Bb1 h6 15. Bh4 g5 16. Bg3 Nh5 17. Qd2 f5 18. Ra3 Nf6 19. Nxg5 hxg5 20. Qxg5 Nh7 21. Qh5 Rf8 22. Nb5 Nf6 23. Qg6 Ne8 24. Nxd6 Nxd6 25. Qxd6 b6 26. Re1 Qxd6 27. Bxd6 Rd8 28. Rg3 Kh8 29. Re7 Bf6 30. Be5 Bxe5 31. Rxe5 Rb8 32. Re7 Rb7 33. Rgg7 Rdd7 34. Rxd7 Bxd7 35. Re7 Bc6 36. Rxb7 Bxb7 37. Bxf5 a6 38. f4 b5 39. axb5 axb5 40. b3 bxc4 41. bxc4 Ba6 42. d6 Bxc4 43. d7 Nc6 44. h4 Bd5 45. h5 c4 46. Kf2 c3 47. Ke3 Bxg2 48. Kd3 Kg7 49. Kxc3 Bf3 50. Bg6 Kh6 51. Kc4 Bxh5 52. Kc5 Nd8 53. Bf5 Kg7 54. Kd6 Kf6 55. Bh3 Bd1 56. Bg2 Ba4 57. Bd5 Bxd7 1/2-1/2

[Event "Berlin Championship 2024"]
[Site "Berlin"]
[Date "2024.04.05"]
[Round "7.1"]
[White "Poltorak, Sebastian"]
[Black "Lagunow, Raphael"]
[Result "1-0"]
[ECO "D12"]
[WhiteElo "2392"]
[BlackElo "2421"]
[Annotator "TA"]
[PlyCount "91"]
[EventDate "2024.03.30"]
[EventType "swiss"]
[EventCountry "GER"]
[SourceTitle "playchess.com"]
[Source "ChessBase"]
[SourceQuality "1"]
[TimeControl "40/5400+30:1800+30"]

1. d4 d5 2. c4 c6 3. Nc3 Nf6 4. e3 Bf5 5. Nf3 e6 6. Nh4 Be4 7. f3 Bg6 8. Qb3 Qc7 9. cxd5 Nxd5 (9... cxd5 $11 10. Bd2 a6) 10. Nxg6 hxg6 11. e4 {[%emt 0:00:11] White is slightly better.} Nxc3 12. bxc3 Nd7 13. Be3 Be7 14. g3 g5 15. Rb1 b5 16. Be2 a6 17. O-O O-O 18. c4 (18. Kg2 $14) 18... e5 (18... c5 $11) 19. d5 $14 cxd5 20. cxd5 {[%emt 0:02:20] Black must now prevent Rfc1.} Bc5 21. Kg2 Bxe3 22. Qxe3 Qa5 (22... Qc2 $14) 23. Rb2 $16 ({Much worse is} 23. Qxg5 Qxa2 24. Qe3 Rfc8 $11) 23... Rfc8 {[%emt 0:03:38] Dodges Rc1} 24. Qxg5 Qa3 25. Qd2 Rc3 26. Rfb1 Rac8 27. Rb3 Qc5 28. Rxc3 Qxc3 29. Rb2 Kf8 30. f4 (30. h4 $16) 30... Qxd2 ({Black should play} 30... Rc5 $14) 31. Rxd2 $14 {[%emt 0:00:14][%mdl 4096] Endgame. KRB-KRN} Ke7 32. Bg4 $1 Rc4 {[%emt 0:00:21] [#]} 33. Bxd7 $1 Kxd7 $16 {[%emt 0:10:00] KR-KR} 34. Kf3 ({Stronger than} 34. fxe5 Rxe4 35. Rf2 Ke8 $15) 34... Kd6 {[%emt 0:00:00] [#]} 35. Re2 (35. h4 $1 $16) 35... exf4 {[%emt 0:00:00] Black cannot hold the game after this.} (35... a5 $14) 36. gxf4 $18 ({Don't do} 36. Kxf4 $6 b4 $16) 36... f5 (36... a5 $142) 37. exf5 Kxd5 38. Rd2+ Kc6 39. Rg2 Rc3+ 40. Ke4 Rh3 (40... Kd6 $142 41. Rxg7 Rh3) 41. Rxg7 Rxh2 42. f6 {[%emt 0:00:00] White mates.} Kd6 43. Kf5 Rxa2 44. Ra7 Rc2 45. f7 Rc8 46. Kf6 {[%emt 0:00:00] Weighted Error Value: White=0.10 (very precise) /Black=0.34.  Mistake:       	White=3     	Black=7      Inaccurate:     	White=2     	Black=3      OK:         	White=10    	Black=9      Best:        	White=7     	Black=2      Strong:       	White=2     	---} 1-0